ORI
UNIVERSITY OF MINNESOTA GOLDEN GOPHERS @ UNIVERSITY OF ALABAMA CRIMSON TIDE
11/12/2049
 
TOP OF THE 1ST
University of Southern California Trojans batting - Pitching for Mississippi State University Bulldogs : RHP Willie Berumen
Pitching: RHP Willie Berumen
Batting: LHB Alonzo Catalan 0-0: Ball
1-0: Foul Ball, location: 2F
1-1: Ball
2-1: Called Strike
2-2: Ground out 6-3 (Groundball, 6, EV 86.2 MPH)
Batting: RHB Rick Acevedo 0-0: Ball
1-0: Called Strike
1-1: Foul Ball, location: 2F
1-2: Foul Ball, location: 2F
1-2: Strikes out swinging
Batting: RHB Eric Baker 0-0: Ball
1-0: Called Strike
1-1: Swinging Strike
1-2: Ball
2-2: Strikes out looking
Top of the 1st over - 0 runs, 0 hits, 0 errors, 0 left on base; University of Southern California 0 - Mississippi State University 0
BOTTOM OF THE 1ST
Mississippi State University Bulldogs batting - Pitching for University of Southern California Trojans : RHP Matt Harris
Pitching: RHP Matt Harris
Batting: RHB Eric Riley 0-0: Ball
1-0: Called Strike
1-1: SINGLE (Line Drive, 3D, EV 96.2 MPH)
Batting: RHB Alexis Gallegos 0-0: Called Strike
0-1: Ball
1-1: SINGLE (Groundball, 34S, EV 87.5 MPH) (infield hit)
Eric Riley to second
Batting: LHB Danny Shanahan 0-0: Ball
1-0: Foul Ball, location: 2F
1-1: Ball
2-1: Foul Ball, location: 2F
2-2: SINGLE (Line Drive, 7S, EV 90.0 MPH)
Eric Riley to third
Alexis Gallegos to second
Runner from 3rd tries for Home, SAFE, throw by LF to home
Batting: RHB Alvin Abarca 0-0: Ball
Alexis Gallegos is caught stealing 3rd base 2-5
1-0: SINGLE (Groundball, 34D, EV 97.5 MPH)
Danny Shanahan to second
Runner from 2nd tries for 3rd, SAFE, throw by RF made to third
Batting: RHB Josh Stene 0-0: Swinging Strike
0-1: Ball
1-1: Ball
2-1: Ball
3-1: Fly out, F9 (Flyball, 9LS, EV 86.2 MPH)
Batting: RHB Masahito Sunada 0-0: Ball
1-0: Called Strike
1-1: Ball
2-1: Swinging Strike
2-2: Foul Ball, location: 2F
2-2: Strikes out swinging
Bottom of the 1st over - 1 run, 4 hits, 0 errors, 2 left on base; University of Southern California 0 - Mississippi State University 1
TOP OF THE 2ND
University of Southern California Trojans batting - Pitching for Mississippi State University Bulldogs : RHP Willie Berumen
Batting: SHB Jason Keys 0-0: Ball
1-0: Called Strike
1-1: SOLO HOME RUN (Flyball, 89XD, EV 105.6 MPH), Distance : 415 ft
Batting: RHB Bobby Basoco 0-0: Called Strike
0-1: Called Strike
0-2: Foul Ball, location: 2F
0-2: Ball
1-2: Ground out U3 (Groundball, 13, EV 83.1 MPH)
Batting: LHB Justin Veirs 0-0: Ball
1-0: Swinging Strike
1-1: Ground out 4-3 (Groundball, 4, EV 83.1 MPH)
Batting: RHB John Sandberg 0-0: Called Strike
0-1: Fly out, F8 (Line Drive, 8RM, EV 88.8 MPH)
Top of the 2nd over - 1 run, 1 hit, 0 errors, 0 left on base; University of Southern California 1 - Mississippi State University 1
BOTTOM OF THE 2ND
Mississippi State University Bulldogs batting - Pitching for University of Southern California Trojans : RHP Matt Harris
Batting: RHB Logan Strassburg 0-0: Ball
1-0: SINGLE (Groundball, 56S, EV 74.4 MPH) (infield hit)
Batting: LHB Vinnie Kalman 0-0: SINGLE (Line Drive, 4M, EV 106.9 MPH)
Logan Strassburg to second
Batting: RHB Karl Lukasiewicz 0-0: Ball
1-0: Foul Ball, location: 2F
1-1: Ground out U3 (Groundball, 34S, EV 76.9 MPH)
Logan Strassburg to third
Vinnie Kalman to second
Batting: RHB Eric Riley 0-0: Ball
1-0: Ball
2-0: Ball
3-0: Called Strike
3-1: Called Strike
3-2: SINGLE (Line Drive, 7S, EV 90.6 MPH)
Logan Strassburg scores
Vinnie Kalman to third
Batting: RHB Alexis Gallegos 0-0: Ball
1-0: Foul Ball, location: 2F
1-1: Foul Ball, location: 2F
1-2: SINGLE (Flyball, 5D, EV 85.0 MPH)
Vinnie Kalman scores
Eric Riley to second
Batting: LHB Danny Shanahan 0-0: Ball
1-0: SINGLE (Groundball, 4MD, EV 103.8 MPH)
Eric Riley to third
Alexis Gallegos to second
Batting: RHB Alvin Abarca 0-0: Called Strike
0-1: Foul Ball, location: 2F
0-2: Ball
1-2: Fielders Choice at 2nd, 3-6 (Groundball, 3, EV 81.9 MPH)
Eric Riley scores
Alexis Gallegos to third
Batting: RHB Josh Stene 0-0: Ball
1-0: Swinging Strike
1-1: SINGLE (Line Drive, 89S, EV 108.1 MPH)
Alexis Gallegos scores
Alvin Abarca to second
Pitching: RHP Abizar Djajadiningrat
Batting: RHB Masahito Sunada 0-0: Swinging Strike
0-1: Ball
1-1: Called Strike
1-2: Fly out, F8 (Flyball, 8RXD, EV 101.9 MPH)
Bottom of the 2nd over - 4 runs, 6 hits, 0 errors, 2 left on base; University of Southern California 1 - Mississippi State University 5
TOP OF THE 3RD
University of Southern California Trojans batting - Pitching for Mississippi State University Bulldogs : RHP Willie Berumen
Batting: RHB Jim Baltazar 0-0: Ball
1-0: Foul Ball, location: 2F
1-1: Foul Ball, location: 2F
1-2: Ball
2-2: Foul Ball, location: 2F
2-2: Ground out 6-3 (Groundball, 6, EV 104.4 MPH)
Batting: RHB Jochen Schanz 0-0: Called Strike
0-1: Ball
1-1: Foul Ball, location: 2F
1-2: Ground out U3 (Groundball, 23, EV 80.6 MPH)
Batting: LHB Alonzo Catalan 0-0: Fly out, F7 (Flyball, 78D, EV 102.5 MPH)
Top of the 3rd over - 0 runs, 0 hits, 0 errors, 0 left on base; University of Southern California 1 - Mississippi State University 5
BOTTOM OF THE 3RD
Mississippi State University Bulldogs batting - Pitching for University of Southern California Trojans : RHP Abizar Djajadiningrat
Batting: RHB Logan Strassburg 0-0: Ball
1-0: Ball
2-0: Ground out 6-3 (Groundball, 6M, EV 103.8 MPH)
Batting: LHB Vinnie Kalman 0-0: Ball
1-0: Ground out 5-3 (Groundball, 56, EV 80.0 MPH)
Batting: RHB Karl Lukasiewicz 0-0: Ball
1-0: Foul Ball, location: 2F
1-1: Ball
2-1: Foul Ball, location: 2F
2-2: Foul Ball, location: 2F
2-2: Ball
3-2: Base on Balls
Batting: RHB Eric Riley 0-0: SINGLE (Groundball, 6M, EV 97.5 MPH) (infield hit)
Karl Lukasiewicz to second
Batting: RHB Alexis Gallegos 0-0: Ball
1-0: Ground out 4-3 (Groundball, 4, EV 77.5 MPH)
Bottom of the 3rd over - 0 runs, 1 hit, 0 errors, 2 left on base; University of Southern California 1 - Mississippi State University 5
TOP OF THE 4TH
University of Southern California Trojans batting - Pitching for Mississippi State University Bulldogs : RHP Willie Berumen
Batting: RHB Rick Acevedo 0-0: Foul Ball, location: 2F
0-1: Ball
1-1: Ball
2-1: Ball
3-1: Fly out, F9 (Flyball, 9, EV 90.6 MPH)
Batting: RHB Eric Baker 0-0: Ball
1-0: SINGLE (Groundball, 6D, EV 100.6 MPH)
Batting: SHB Jason Keys 0-0: Called Strike
0-1: Fielders Choice at 2nd, 3-6 (Groundball, 3S, EV 88.8 MPH)
Batting: RHB Bobby Basoco 0-0: Swinging Strike
0-1: Foul Ball, location: 2F
0-2: Ball
1-2: Strikes out swinging
Top of the 4th over - 0 runs, 1 hit, 0 errors, 1 left on base; University of Southern California 1 - Mississippi State University 5
BOTTOM OF THE 4TH
Mississippi State University Bulldogs batting - Pitching for University of Southern California Trojans : RHP Abizar Djajadiningrat
Batting: LHB Danny Shanahan 0-0: Ground out 1-3 (Groundball, 34S, EV 66.2 MPH)
Batting: RHB Alvin Abarca 0-0: SINGLE (Groundball, 6D, EV 111.2 MPH)
Batting: RHB Josh Stene 0-0: Ball
1-0: Ball
2-0: Ball
3-0: Called Strike
3-1: Fielders Choice at 2nd, 6-4 (Groundball, 6, EV 97.5 MPH)
Batting: RHB Masahito Sunada 0-0: Called Strike
0-1: Swinging Strike
0-2: Ball
1-2: Fielders Choice at 2nd, 6-4 (Groundball, 56, EV 103.8 MPH)
Bottom of the 4th over - 0 runs, 1 hit, 0 errors, 1 left on base; University of Southern California 1 - Mississippi State University 5
TOP OF THE 5TH
University of Southern California Trojans batting - Pitching for Mississippi State University Bulldogs : RHP Willie Berumen
Batting: LHB Justin Veirs 0-0: Ball
1-0: Fly out, F7 (Flyball, 7, EV 79.4 MPH)
Batting: RHB John Sandberg 0-0: Ball
1-0: Ground out 5-3 (Groundball, 56, EV 84.4 MPH)
Batting: RHB Jim Baltazar 0-0: Fly out, F8 (Flyball, 78D, EV 90.0 MPH)
Top of the 5th over - 0 runs, 0 hits, 0 errors, 0 left on base; University of Southern California 1 - Mississippi State University 5
BOTTOM OF THE 5TH
Mississippi State University Bulldogs batting - Pitching for University of Southern California Trojans : RHP Abizar Djajadiningrat
Batting: RHB Logan Strassburg 0-0: Foul Ball, location: 2F
0-1: Ball
1-1: SINGLE (Flyball, 4MD, EV 92.5 MPH)
Batting: LHB Vinnie Kalman 0-0: Ball
1-0: Ball
2-0: Foul Ball, location: 2F
2-1: Fly out, F9 (Flyball, 9LS, EV 97.5 MPH)
Batting: RHB Karl Lukasiewicz 0-0: Ball
1-0: Ball
Logan Strassburg steals 2nd base
2-0: Called Strike
2-1: Foul Ball, location: 2F
2-2: Ground out 1-3 (Groundball, 13S, EV 75.6 MPH)
Logan Strassburg to third
Batting: RHB Eric Riley 0-0: Called Strike
0-1: Ball
1-1: Ball
2-1: Ball
3-1: Called Strike
3-2: Foul Ball, location: 2F
3-2: Base on Balls
Batting: RHB Alexis Gallegos 0-0: Foul Ball, location: 2F
0-1: Ball
1-1: Swinging Strike
1-2: SINGLE (Line Drive, 6MD, EV 96.9 MPH)
Logan Strassburg scores
Eric Riley to second
Runner from 2nd tries for 3rd, SAFE, no throw by CF
Batting: LHB Danny Shanahan 0-0: Called Strike
Alexis Gallegos steals 2nd base
0-1: Ball
1-1: Ball
2-1: Called Strike
2-2: Ball
3-2: 3-RUN HOME RUN (Flyball, 9D, EV 96.9 MPH), Distance : 380 ft
Pitching: RHP Yacob Onyebuchi
Batting: RHB Alvin Abarca 0-0: Foul Ball, location: 2F
0-1: Foul Ball, location: 2F
0-2: Ball
1-2: Foul Ball, location: 2F
1-2: Fly out, F8 (Flyball, 8RD, EV 88.8 MPH)
Bottom of the 5th over - 4 runs, 3 hits, 0 errors, 0 left on base; University of Southern California 1 - Mississippi State University 9
TOP OF THE 6TH
University of Southern California Trojans batting - Pitching for Mississippi State University Bulldogs : RHP Willie Berumen
Batting: RHB Jochen Schanz 0-0: Ball
1-0: Ball
2-0: Foul Ball, location: 2F
2-1: Ball
3-1: SINGLE (Groundball, 56S, EV 76.9 MPH) (infield hit)
Batting: LHB Alonzo Catalan 0-0: Called Strike
Jochen Schanz steals 2nd base
0-1: Foul Ball, location: 2F
0-2: Ball
1-2: Foul Ball, location: 2F
1-2: Ball
2-2: Fly out, F8 (Flyball, 8RM, EV 88.1 MPH)
Batting: RHB Rick Acevedo 0-0: Ball
1-0: Called Strike
1-1: Ball
2-1: Swinging Strike
2-2: Ball
3-2: Foul Ball, location: 2F
3-2: 2-RUN HOME RUN (Flyball, 78XD, EV 108.1 MPH), Distance : 409 ft
Batting: RHB Eric Baker 0-0: Ball
1-0: Ground out 1-3 (Groundball, 13, EV 73.8 MPH)
Batting: SHB Jason Keys 0-0: Called Strike
0-1: Swinging Strike
0-2: Strikes out swinging
Top of the 6th over - 2 runs, 2 hits, 0 errors, 0 left on base; University of Southern California 3 - Mississippi State University 9
BOTTOM OF THE 6TH
Mississippi State University Bulldogs batting - Pitching for University of Southern California Trojans : RHP Yacob Onyebuchi
Batting: RHB Josh Stene 0-0: Foul Ball, location: 2F
0-1: Ball
1-1: Ball
2-1: Ball
3-1: Called Strike
3-2: Base on Balls
Batting: RHB Masahito Sunada 0-0: Ball
1-0: Swinging Strike
1-1: Fly out, F9 (Line Drive, 9LS, EV 112.5 MPH)
Batting: RHB Logan Strassburg 0-0: Ball
1-0: Ball
2-0: Ball
3-0: Base on Balls
Josh Stene to second
Batting: LHB Vinnie Kalman 0-0: Foul Ball, location: 2F
0-1: Ball
1-1: Ball
2-1: Ball
3-1: Foul Ball, location: 2F
3-2: Base on Balls
Josh Stene to third
Logan Strassburg to second
Batting: RHB Karl Lukasiewicz 0-0: Swinging Strike
0-1: Called Strike
0-2: Ball
1-2: Ball
2-2: Ball
3-2: Foul Ball, location: 2F
3-2: Grounds into double play, 6-4-3 (Groundball, 6D, EV 100.6 MPH)
Bottom of the 6th over - 0 runs, 0 hits, 0 errors, 2 left on base; University of Southern California 3 - Mississippi State University 9
TOP OF THE 7TH
University of Southern California Trojans batting - Pitching for Mississippi State University Bulldogs : RHP Willie Berumen
Pitching: RHP Tony Renteria
Batting: RHB Bobby Basoco 0-0: Fly out, F7 (Flyball, 7, EV 89.4 MPH)
Batting: LHB Justin Veirs 0-0: Ball
1-0: Called Strike
1-1: Ball
2-1: Foul Ball, location: 2F
2-2: Foul Ball, location: 2F
2-2: Ground out 5-3 (Groundball, 56S, EV 84.4 MPH)
Batting: RHB John Sandberg 0-0: Ball
1-0: Ball
2-0: SINGLE (Groundball, 6M, EV 98.1 MPH) (infield hit)
Batting: RHB Jim Baltazar 0-0: Ball
1-0: Called Strike
1-1: Called Strike
1-2: Foul Ball, location: 2F
1-2: Ball
2-2: Foul Ball, location: 2F
2-2: Foul Ball, location: 2F
2-2: Strikes out swinging
Top of the 7th over - 0 runs, 1 hit, 0 errors, 1 left on base; University of Southern California 3 - Mississippi State University 9
BOTTOM OF THE 7TH
Mississippi State University Bulldogs batting - Pitching for University of Southern California Trojans : RHP Yacob Onyebuchi
Batting: RHB Eric Riley 0-0: Ball
1-0: Ground out 3-1 (Groundball, 34, EV 87.5 MPH)
Batting: RHB Alexis Gallegos 0-0: Reached on error, E6 (Groundball, 6, EV 101.9 MPH)
Batting: LHB Danny Shanahan 0-0: Ball
1-0: Called Strike
Alexis Gallegos is caught stealing 2nd base 2-6
1-1: Foul Ball, location: 2F
1-2: DOUBLE (Line Drive, 7LD, EV 104.4 MPH)
Pitching: RHP Enrique Zepeda
Batting: RHB Alvin Abarca 0-0: Ball
1-0: Ball
2-0: SINGLE (Groundball, 4MD, EV 96.2 MPH)
Danny Shanahan to third
Runner from 3rd tries for Home, SAFE, throw by CF to home
Batting: RHB Josh Stene 0-0: Ball
1-0: Swinging Strike
1-1: Foul Ball, location: 2F
1-2: Strikes out swinging
Bottom of the 7th over - 1 run, 2 hits, 1 error, 1 left on base; University of Southern California 3 - Mississippi State University 10
TOP OF THE 8TH
University of Southern California Trojans batting - Pitching for Mississippi State University Bulldogs : RHP Tony Renteria
Batting: RHB Jochen Schanz 0-0: Foul Ball, location: 2F
0-1: Ball
1-1: Ball
2-1: Swinging Strike
2-2: Ball
3-2: Foul Ball, location: 2F
3-2: Strikes out swinging
Batting: LHB Alonzo Catalan 0-0: Fly out, F7 (Flyball, 7, EV 95.0 MPH)
Batting: RHB Rick Acevedo 0-0: Ball
1-0: Foul Ball, location: 2F
1-1: Ball
2-1: Foul Ball, location: 2F
2-2: Strikes out swinging
Top of the 8th over - 0 runs, 0 hits, 0 errors, 0 left on base; University of Southern California 3 - Mississippi State University 10
BOTTOM OF THE 8TH
Mississippi State University Bulldogs batting - Pitching for University of Southern California Trojans : RHP Enrique Zepeda
Batting: LHB Ricardo Ramos 0-0: Ground out 5-3 (Groundball, 56, EV 90.0 MPH)
Batting: RHB Logan Strassburg 0-0: Called Strike
0-1: Ball
1-1: Called Strike
1-2: Foul Ball, location: 2F
1-2: Reached on error, E6 (Groundball, 56D, EV 89.4 MPH)
Batting: LHB Vinnie Kalman 0-0: Foul Ball, location: 2F
0-1: Foul Ball, location: 2F
0-2: Ball
1-2: Strikes out swinging
Batting: RHB Karl Lukasiewicz 0-0: Called Strike
0-1: Ground out 5-3 (Groundball, 56S, EV 66.2 MPH)
Bottom of the 8th over - 0 runs, 0 hits, 1 error, 1 left on base; University of Southern California 3 - Mississippi State University 10
TOP OF THE 9TH
University of Southern California Trojans batting - Pitching for Mississippi State University Bulldogs : RHP Tony Renteria
Batting: RHB Eric Baker 0-0: Ball
1-0: Reached on error, E6 (Groundball, 6, EV 89.4 MPH)
Pitching: RHP Sa'ng Dai
Batting: SHB Jason Keys 0-0: Called Strike
0-1: Ball
1-1: Fly out, F8 (Flyball, 8LS, EV 88.8 MPH)
Pinch Hitting: LHB Roger Kean 0-0: Foul Ball, location: 2F
0-1: Ball
1-1: Ball
2-1: Foul Ball, location: 2F
2-2: Strikes out swinging
Batting: LHB Justin Veirs 0-0: Ball
1-0: Ball
2-0: Reached on error, E3 (Groundball, 3, EV 84.4 MPH)
Eric Baker to second
Batting: RHB John Sandberg 0-0: Called Strike
0-1: Foul Ball, location: 2F
0-2: Ball
1-2: Foul Ball, location: 2F
1-2: Foul Ball, location: 2F
1-2: Ball
2-2: Foul Ball, location: 2F
2-2: Fly out, F7 (Flyball, 7LMF, EV 96.2 MPH)
Top of the 9th over - 0 runs, 0 hits, 2 errors, 2 left on base; University of Southern California 3 - Mississippi State University 10
Sunday, July 16th , 2023 - OOTP Baseball 24.6 Build 69